 Dungeon Crawl Stone Soup version 0.29.1-15-g9cfb28693d (webtiles) character file.

Game seed: 14758660494475104674

40002 rabbitsville the Spear-Bearer (level 14, -4/144 HPs)
             Began as a Gnoll Wanderer on Feb 19, 2023.
             Was the Champion of Jiyva.
             Slain by a death yak (18 damage)
             ... on level 5 of the Lair of Beasts on Feb 24, 2023.
             The game lasted 01:38:37 (16000 turns).

rabbitsville the Spear-Bearer (Gnoll Wanderer)     Turns: 16000, Time: 01:38:38

Health: -4/144     AC: 11    Str: 14    XL:     14   Next: 9%
Magic:  27/27      EV: 18    Int:  8    God:    Jiyva [******]
Gold:   1735       SH:  8    Dex: 22    Spells: 31/31 levels left

rFire   . . .      SeeInvis +   a - +3 spear
rCold   . . .      Faith    .   c - +0 buckler
rNeg    . . .      Spirit   .   C - +1 leather armour "Igyemaph" {+Blink Fly rPois Int-2}
rPois   +          Reflect  .   J - +0 mask of the Dragon {Will+ Slay+3 SInv}
rElec   .          Harm     .   K - +0 cloak
rCorr   +          Rampage  .   (no gloves)
Will    ++...      Clarity  +   (no boots)
Stlth   ++++++....              (no amulet)
HPRegen 1.94/turn               w - +6 ring of dexterity
MPRegen 0.70/turn               I - +4 ring of protection

@: flying
A: fangs 1, strong nose, distributed training, iridescent scales 1, camouflage
2, clarity, robust 3, pseudopods 1
a: Renounce Religion, Evoke Blink, Oozemancy, Slimify


You were on level 5 of the Lair of Beasts.
You worshipped Jiyva.
Jiyva was exalted by your worship.
You visited 2 branches of the dungeon, and saw 16 of its levels.
You also visited: Bailey.

You collected 2624 gold pieces.
You spent 889 gold pieces at shops.

Inventory:

Hand Weapons
 a - a +3 spear (weapon)
 b - a +0 falchion
 r - a +2 vorpal falchion
Missiles
 x - 14 poisoned darts (quivered)
 D - a throwing net
Armour
 c - a +0 buckler (worn)
 e - a +0 leather armour
 u - a +3 leather armour of willpower
 C - the +1 leather armour "Igyemaph" (worn) {+Blink Fly rPois Int-2}
   (You found it on level 8 of the Dungeon)

   Int:       It affects your intelligence (-2).
   rPois:     It protects you from poison.
   Fly:       It grants you flight.
   +Blink:    It lets you blink.
 J - the +0 mask of the Dragon (worn) {Will+ Slay+3 SInv}
   (You found it in a bailey)

   Slay:      It affects your accuracy & damage with ranged weapons and melee
   (+3).
   SInv:      It lets you see invisible.
   Will:      It increases your willpower.
 K - a +0 cloak (worn)
Jewellery
 q - the amulet of Elemental Vulnerability {rPois rF-- rC-- AC+8}
   (You found it on level 2 of the Dungeon)

   [amulet of nothing]

   AC:        It affects your AC (+8).
   rF:        It makes you very vulnerable to fire.
   rC:        It makes you very vulnerable to cold.
   rPois:     It protects you from poison.
 w - a +6 ring of dexterity (left hand)
 E - a ring of ice
 F - a ring of protection from cold
 H - an amulet of magic regeneration
 I - a +4 ring of protection (right hand)
Scrolls
 g - 4 scrolls of enchant weapon
 h - a scroll of torment {unknown}
 i - 5 scrolls of fear
 j - 4 scrolls of identify
 l - a scroll of magic mapping {unknown}
 o - a scroll of blinking
 p - a scroll of noise {unknown}
 y - 2 scrolls of butterflies {unknown}
 A - a scroll of teleportation {unknown}
 L - a scroll of enchant armour {unknown}
 M - a scroll of poison
 N - a scroll of silence {unknown}
 O - a scroll of summoning {unknown}
 P - a scroll of vulnerability {unknown}
Potions
 d - 4 potions of haste
 m - a potion of invisibility
 n - 2 potions of flight
 s - 2 potions of ambrosia
 t - 2 potions of lignification
 z - a potion of resistance
 B - 4 potions of magic
 G - 3 potions of mutation
Miscellaneous
 v - a condenser vane


   Skills:
 + Level 10.3 Fighting
 + Level 9.2 Short Blades
 + Level 9.6 Long Blades
 + Level 9.2 Axes
 + Level 9.2 Maces & Flails
 + Level 12.4 Polearms
 + Level 9.2 Staves
 + Level 9.2 Ranged Weapons
 + Level 9.2 Throwing
 + Level 9.2 Armour
 + Level 9.2 Dodging
 + Level 9.2 Stealth
 + Level 11.3 Shields
 + Level 9.2 Unarmed Combat
 + Level 9.2 Spellcasting
 + Level 7.7 Conjurations
 + Level 7.7 Hexes
 + Level 7.7 Summonings
 + Level 7.7 Necromancy
 + Level 7.7 Translocations
 + Level 7.7 Transmutations
 + Level 7.7 Fire Magic
 + Level 7.7 Ice Magic
 + Level 7.7 Air Magic
 + Level 7.7 Earth Magic
 + Level 7.7 Poison Magic
 + Level 10.1 Invocations
 + Level 9.2 Evocations


You had 31 spell levels left.
You didn't know any spells.
Your spell library contained the following spells:

 Spells                   Type           Power      Damage    Failure   Level
 Shock                    Conj/Air       64%        1d7       1%          1
 Swiftness                Air            16%        N/A       3%          3
 Airstrike                Air            8%         2d(2-18)  11%         4


Dungeon Overview and Level Annotations

Branches:
Dungeon (11/15)            Temple (0/1) D:6            Lair (5/5) D:11
 Shoals (0/4) Lair:3        Snake (0/4) Lair:3          Orc (0/2) D:11
 Bailey (visited)
  Slime: Lair:4-5

Altars:
Cheibriados
Dithmenos
Fedhas
Makhleb
Okawaru
Qazlal
Trog
Vehumet
The Shining One
Jiyva

Shops:
D:5 =   D:8 *

Annotations:
Lair:3 3 runed translucent doors, Jingleheimer's ghost, adept MiFi; Xiemaice's ghost, journeyman DrFE


Innate Abilities, Weirdness & Mutations

You have very sharp teeth.
Your uncanny sense of smell can sniff out nearby items.
Your experience applies equally to all skills.
You are partially covered in iridescent scales. (AC +2)
Your skin blends seamlessly with your surroundings (Stealth++).
You possess an exceptional clarity of mind.
You are extremely robust. (+30% HP)
Armour fits poorly on your pseudopods.


Message History

You swing at nothing.
The wolf bites the plant!
You hit the death yak but do no damage.
The death yak is moderately wounded.
The wolf bites the plant.
The death yak gores you but does no damage.
The death yak gores you.
* * * LOW HITPOINT WARNING * * *
You hit the death yak but do no damage.
The death yak is moderately wounded.
The wolf bites the plant.
You puncture the death yak!
The death yak is moderately wounded.
You feel less invigorated.
You feel less confused.
The death yak gores you but does no damage.
You block the death yak's attack.
The wolf bites the plant!
You hit the death yak.
The death yak is heavily wounded.
A nearby plant withers and dies.
You hit the death yak but do no damage.
The death yak is heavily wounded.
The wolf completely misses the plant.
The death yak gores you!
* * * LOW HITPOINT WARNING * * *
The death yak gores you!
* * * LOW HITPOINT WARNING * * *
You hit the death yak but do no damage.
The death yak is heavily wounded.
A nearby plant withers and dies.
You block the death yak's attack.
The death yak gores you but does no damage.
You barely miss the death yak.
The death yak is severely wounded.
You block the wolf's attack.
You hit the death yak.
The death yak is severely wounded.
You feel less wooden.
Your +0 cloak unmelds from your body.
The +0 mask of the Dragon {Will+ Slay+3 SInv} unmelds from your body.
The +1 leather armour "Igyemaph" {+Blink Fly rPois Int-2} unmelds from your body.
You fly up into the air.
You block the wolf's attack. The death yak gores you!!
You die...

.............÷..#
..............P.##
.......†...P.P...##
..................####
...........P.........###
........##.........P....
.........##............
..........##....Yh.####
..........##....@###
..........P##..Y##
..........†.##..# ∆∆
#...........##.## ∆∆
.............#.## ∆∆
............##..# ∆∆ ∆
#...........#...# ∆
#..........##...#∆ ∆
#..........#....## ∆


You could see 2 death yaks and a wolf.

Vanquished Creatures
  4 hydras
  3 two-headed ogres
  A death yak (Lair:5)
  A catoblepas (Lair:5)
  Urug (D:10)
  Amaemon (Lair:1)
  A lindwurm (Lair:4)
  Pikel (D:4)
  2 orc knights (Bailey)
  3 black mambas
  3 merfolk sirens (Lair:3)
  9 cane toads
  9 elephants
  A gargoyle (D:11)
  An orange demon (Lair:1)
  A torpor snail (Lair:5)
  Maggie (Lair:2)
  2 rime drakes
  5 komodo dragons
  3 polar bears
  A merfolk (Lair:3)
  2 trolls
  Prince Ribbit (Lair:2)
  A queen bee (Lair:2)
  14 blink frogs
  10 dream sheep (Lair:3)
  22 yaks
  A shadow (D:11)
  Eustachio (D:4)
  2 wyverns
  4 basilisks
  A steam dragon (D:7)
  3 nagas (Lair:3)
  An acid dragon (D:10)
  15 water moccasins
  14 orc warriors
  A sky beast (D:6)
  A hornet zombie (D:5)
  2 ogres
  4 black bears
  9 wolves
  A centaur (D:6)
  2 phantoms (D:5)
  A gnoll sergeant (D:8)
  21 bullfrogs
  4 scorpions
  A wyvern zombie (D:5)
  A water moccasin zombie (D:5)
  5 wights
  34 killer bees
  A howler monkey (D:11)
  A centaur zombie (D:5)
  A bullfrog zombie (D:5)
  2 hounds
  9 orc priests
  3 bullfrog skeletons (D:5)
  3 iguanas
  10 orc wizards
  3 scorpion zombies (D:5)
  A hound skeleton (D:5)
  A hound zombie (D:5)
  A howler monkey zombie (D:5)
  23 gnolls
  8 adders
  2 shadow imps
  2 white imps
  3 ufetubi
  2 dart slugs
  24 orcs
  A giant cockroach (D:1)
  13 goblins
  12 hobgoblins
  4 jackals (D:4)
  4 kobolds
  4 quokkas
  8 ball pythons
  4 bats
  12 frilled lizards
  6 rats
401 creatures vanquished.

Vanquished Creatures (collateral kills)
  2 boulder beetles
  A two-headed ogre (D:10)
  A cyclops (D:9)
  A steam dragon (D:6)
5 creatures vanquished.

Vanquished Creatures (others)
  2 yaks (Lair:1)
  A sky beast (D:6)
  2 ogres (D:5)
  A phantom (D:5)
  A water moccasin zombie (D:5)
  2 wights (D:7)
  A killer bee (D:7)
  A howler monkey (D:9)
  70 jellies
  2 hounds
  6 orc priests
  9 orc wizards
  3 gnolls (Bailey)
  2 adders
  A shadow imp (D:3)
  25 orcs
  2 endoplasms
  6 goblins
  4 hobgoblins
  A jackal (D:5)
  A quokka (D:3)
  3 ball pythons
  91 fungi
  83 plants
  6 withered plants (D:5)
326 creatures vanquished.

Grand Total: 732 creatures vanquished

Notes
Turn   | Place    | Note
-------+----------+-------------------------------------------
     0 | D:1      | rabbitsville the Gnoll Wanderer began the quest for the
                  | Orb.
     0 | D:1      | rabbitsville set off with the following items: a +2 spear,
                  | a +0 falchion, a +0 buckler, a potion of haste, a +0
                  | leather armour.
     0 | D:1      | Reached XP level 1. HP: 20/20 MP: 1/1
   145 | D:1      | Found a faded altar of an unknown god.
   151 | D:1      | Reached XP level 2. HP: 26/26 MP: 2/2
   182 | D:1      | Prayed at the altar of an unknown god.
   182 | D:1      | Became a worshipper of Jiyva Jetiurya the Shapeless
   182 | D:1      | Reached * piety under Jiyva
   816 | D:1      | Reached ** piety under Jiyva
   936 | D:2      | Found a bloodstained altar of Trog.
  1084 | D:2      | Reached XP level 3. HP: 30/31 MP: 3/3
  1126 | D:2      | Found the amulet of Elemental Vulnerability {rPois rF--
                  | rC-- AC+8}
  1213 | D:3      | Reached skill level 1 in Invocations
  1223 | D:3      | Reached skill level 1 in Short Blades
  1223 | D:3      | Reached skill level 1 in Axes
  1223 | D:3      | Reached skill level 1 in Maces & Flails
  1223 | D:3      | Reached skill level 1 in Staves
  1223 | D:3      | Reached skill level 1 in Ranged Weapons
  1223 | D:3      | Reached skill level 1 in Throwing
  1223 | D:3      | Reached skill level 1 in Armour
  1223 | D:3      | Reached skill level 1 in Dodging
  1223 | D:3      | Reached skill level 1 in Stealth
  1223 | D:3      | Reached skill level 1 in Unarmed Combat
  1223 | D:3      | Reached skill level 1 in Spellcasting
  1223 | D:3      | Reached skill level 1 in Evocations
  1232 | D:3      | Reached XP level 4. HP: 36/38 MP: 5/5
  1296 | D:3      | Reached *** piety under Jiyva
  1322 | D:3      | Reached skill level 1 in Conjurations
  1322 | D:3      | Reached skill level 1 in Hexes
  1322 | D:3      | Reached skill level 1 in Summonings
  1322 | D:3      | Reached skill level 1 in Necromancy
  1322 | D:3      | Reached skill level 1 in Translocations
  1322 | D:3      | Reached skill level 1 in Transmutations
  1322 | D:3      | Reached skill level 1 in Fire Magic
  1322 | D:3      | Reached skill level 1 in Ice Magic
  1322 | D:3      | Reached skill level 1 in Air Magic
  1322 | D:3      | Reached skill level 1 in Earth Magic
  1322 | D:3      | Reached skill level 1 in Poison Magic
  1637 | D:2      | Reached XP level 5. HP: 43/43 MP: 7/7
  1921 | D:3      | Reached **** piety under Jiyva
  1974 | D:3      | Gained mutation: You are partially covered in iridescent
                  | scales. (AC +2) [Jiyva's grace]
  1974 | D:3      | Gained mutation: You are mostly covered in iridescent
                  | scales. (AC +4) [Jiyva's grace]
  1974 | D:3      | Gained mutation: You are completely covered in iridescent
                  | scales. (AC +6) [Jiyva's grace]
  1974 | D:3      | Gained mutation: Your rubbery body absorbs attacks. (AC +1,
                  | EV +1) [Jiyva's grace]
  2174 | D:4      | Noticed Eustachio
  2350 | D:4      | Killed Eustachio
  2351 | D:4      | Reached skill level 5 in Fighting
  2351 | D:4      | Reached XP level 6. HP: 51/51 MP: 7/9
  2423 | D:4      | Noticed Pikel
  2504 | D:4      | Killed Pikel
  2505 | D:4      | Reached skill level 9 in Polearms
  2505 | D:4      | Reached XP level 7. HP: 22/56 MP: 9/11
  3215 | D:5      | Entered Level 5 of the Dungeon
  3289 | D:5      | Reached XP level 8. HP: 62/63 MP: 12/12
  3763 | D:5      | Reached ***** piety under Jiyva
  4036 | D:5      | Reached XP level 9. HP: 68/69 MP: 14/14
  4095 | D:5      | Found Maishroti's Jewellery Shop.
  4522 | D:6      | Reached skill level 5 in Long Blades
  4535 | D:6      | Found an iron altar of Okawaru.
  4595 | D:6      | Found a snail-covered altar of Cheibriados.
  4723 | D:6      | Gained mutation: You are robust. (+10% HP) [Jiyva's grace]
  4723 | D:6      | Gained mutation: You are very robust. (+20% HP) [Jiyva's
                  | grace]
  4723 | D:6      | Gained mutation: You are extremely robust. (+30% HP)
                  | [Jiyva's grace]
  4723 | D:6      | Gained mutation: Armour fits poorly on your pseudopods.
                  | [Jiyva's grace]
  4785 | D:6      | Found a staircase to the Ecumenical Temple.
  4998 | D:6      | Noticed a two-headed ogre
  5053 | D:6      | Killed a two-headed ogre
  5054 | D:6      | Reached skill level 5 in Invocations
  5679 | D:7      | Reached ****** piety under Jiyva
  5804 | D:7      | Reached skill level 5 in Short Blades
  5804 | D:7      | Reached skill level 5 in Axes
  5804 | D:7      | Reached skill level 5 in Maces & Flails
  5804 | D:7      | Reached skill level 5 in Staves
  5804 | D:7      | Reached skill level 5 in Ranged Weapons
  5804 | D:7      | Reached skill level 5 in Throwing
  5804 | D:7      | Reached skill level 5 in Armour
  5804 | D:7      | Reached skill level 5 in Dodging
  5804 | D:7      | Reached skill level 5 in Stealth
  5804 | D:7      | Reached skill level 5 in Unarmed Combat
  5804 | D:7      | Reached skill level 5 in Spellcasting
  5804 | D:7      | Reached skill level 5 in Evocations
  5804 | D:7      | Reached XP level 10. HP: 100/100 MP: 17/17
  5870 | D:7      | Found a blossoming altar of Fedhas.
  5903 | D:7      | Reached skill level 10 in Polearms
  6026 | D:7      | Found a shadowy altar of Dithmenos.
  6026 | D:7      | Found a stormy altar of Qazlal.
  6034 | D:7      | Found a bloodstained altar of Trog.
  6037 | D:7      | Found a burning altar of Makhleb.
  6039 | D:7      | Found a glowing golden altar of the Shining One.
  6357 | D:8      | Identified the +1 leather armour "Igyemaph" {+Blink Fly
                  | rPois Int-2}
  6787 | D:8      | Lost mutation: You are completely covered in iridescent
                  | scales. (AC +6) [Jiyva's grace]
  6787 | D:8      | Lost mutation: Your rubbery body absorbs attacks. (AC +1,
                  | EV +1) [Jiyva's grace]
  6787 | D:8      | Gained mutation: Your muscles are strong. (Str +4, Int/Dex
                  | -1) [Jiyva's grace]
  6787 | D:8      | Gained mutation: Your muscles are very strong. (Str +8,
                  | Int/Dex -2) [Jiyva's grace]
  6787 | D:8      | Gained mutation: You are completely covered in iridescent
                  | scales. (AC +6) [Jiyva's grace]
  6787 | D:8      | Gained mutation: You are agile. (Dex +4, Str/Int -1)
                  | [Jiyva's grace]
  6835 | D:8      | Found Iwast's General Store.
  6841 | D:8      | Bought a scroll of blinking for 105 gold pieces
  7329 | D:9      | Noticed a cyclops
  7342 | D:9      | Killed a cyclops
  7356 | D:9      | Found a radiant altar of Vehumet.
  7379 | D:9      | Noticed a two-headed ogre
  8091 | D:9      | Killed a two-headed ogre
  8376 | D:10     | Entered Level 10 of the Dungeon
  8376 | D:10     | Noticed Urug
  8519 | D:10     | Noticed a two-headed ogre
  8533 | D:10     | Killed a two-headed ogre
  8534 | D:10     | Reached skill level 5 in Conjurations
  8534 | D:10     | Reached skill level 5 in Hexes
  8534 | D:10     | Reached skill level 5 in Summonings
  8534 | D:10     | Reached skill level 5 in Necromancy
  8534 | D:10     | Reached skill level 5 in Translocations
  8534 | D:10     | Reached skill level 5 in Transmutations
  8534 | D:10     | Reached skill level 5 in Fire Magic
  8534 | D:10     | Reached skill level 5 in Ice Magic
  8534 | D:10     | Reached skill level 5 in Air Magic
  8534 | D:10     | Reached skill level 5 in Earth Magic
  8534 | D:10     | Reached skill level 5 in Poison Magic
  8534 | D:10     | Reached XP level 11. HP: 79/110 MP: 18/20
  8734 | D:10     | Found a flagged portal.
  8739 | Bailey   | Entered a bailey
  8851 | Bailey   | Noticed an orc knight
  8876 | Bailey   | Killed an orc knight
  8924 | Bailey   | Lost mutation: You are completely covered in iridescent
                  | scales. (AC +6) [Jiyva's grace]
  8924 | Bailey   | Lost mutation: You are agile. (Dex +4, Str/Int -1) [Jiyva's
                  | grace]
  8924 | Bailey   | Lost mutation: Your muscles are very strong. (Str +8,
                  | Int/Dex -2) [Jiyva's grace]
  8924 | Bailey   | Lost mutation: Armour fits poorly on your pseudopods.
                  | [Jiyva's grace]
  8924 | Bailey   | Gained mutation: You have an increased reservoir of magic.
                  | (+10% MP) [Jiyva's grace]
  8924 | Bailey   | Gained mutation: You have a considerably increased
                  | reservoir of magic. (+20% MP) [Jiyva's grace]
  8924 | Bailey   | Gained mutation: You have a greatly increased reservoir of
                  | magic. (+30% MP) [Jiyva's grace]
  8924 | Bailey   | Gained mutation: You expend magic power (3 MP) to
                  | strengthen your wands. [Jiyva's grace]
  8931 | Bailey   | Noticed an orc warlord
  8991 | Bailey   | Found the +0 mask of the Dragon {Will+ Slay+3 SInv}
  9109 | Bailey   | Noticed an orc knight
  9153 | Bailey   | Killed an orc knight
  9276 | D:10     | Acquired 341 gold pieces
  9519 | D:10     | Killed Urug
  9909 | D:11     | Found a staircase to the Lair.
 10004 | D:11     | Noticed a boulder beetle
 10013 | D:11     | Killed a boulder beetle
 10153 | D:11     | Found a staircase to the Orcish Mines.
 10169 | D:11     | Reached skill level 11 in Polearms
 10692 | D:11     | Noticed a two-headed ogre
 10706 | D:11     | Killed a two-headed ogre
 10758 | Lair:1   | Entered Level 1 of the Lair of Beasts
 10863 | Lair:1   | Reached XP level 12. HP: 88/122 MP: 29/29
 10964 | Lair:1   | Noticed Amaemon
 11105 | Lair:1   | Killed Amaemon
 11106 | Lair:1   | Reached skill level 10 in Shields
 11474 | Lair:2   | Noticed Prince Ribbit
 11603 | Lair:2   | Lost mutation: You have a greatly increased reservoir of
                  | magic. (+30% MP) [Jiyva's grace]
 11603 | Lair:2   | Lost mutation: You have a considerably increased reservoir
                  | of magic. (+20% MP) [Jiyva's grace]
 11603 | Lair:2   | Lost mutation: You are extremely robust. (+30% HP) [Jiyva's
                  | grace]
 11603 | Lair:2   | Lost mutation: Your muscles are strong. (Str +4, Int/Dex
                  | -1) [Jiyva's grace]
 11603 | Lair:2   | Lost mutation: You expend magic power (3 MP) to strengthen
                  | your wands. [Jiyva's grace]
 11603 | Lair:2   | Gained mutation: Armour fits poorly on your pseudopods.
                  | [Jiyva's grace]
 11603 | Lair:2   | Gained mutation: Armour fits poorly on your large
                  | pseudopods. [Jiyva's grace]
 11603 | Lair:2   | Gained mutation: Armour fits poorly on your massive
                  | pseudopods. [Jiyva's grace]
 11603 | Lair:2   | Gained mutation: You have sharp fingernails. [Jiyva's
                  | grace]
 11626 | Lair:2   | Killed Prince Ribbit
 11702 | Lair:2   | Noticed Maggie
 11721 | Lair:2   | Killed Maggie
 12474 | Lair:3   | Found a runed translucent gate.
 12475 | Lair:3   | Found a runed translucent gate.
 12476 | Lair:3   | Found a runed translucent gate.
 12477 | Lair:3   | Noticed Jingleheimer's ghost (adept MiFi)
 12478 | Lair:3   | Noticed Xiemaice's ghost (journeyman DrFE)
 12500 | Lair:3   | Noticed an eight-headed hydra
 12583 | Lair:3   | Found a staircase to the Snake Pit.
 12973 | Lair:3   | Reached XP level 13. HP: 111/121 MP: 27/27
 13563 | Lair:3   | Found a staircase to the Shoals.
 13644 | Lair:3   | Reached skill level 12 in Polearms
 14083 | Lair:4   | Lost mutation: You have sharp fingernails. [Jiyva's grace]
 14083 | Lair:4   | Lost mutation: You have an increased reservoir of magic.
                  | (+10% MP) [Jiyva's grace]
 14083 | Lair:4   | Lost mutation: Armour fits poorly on your massive
                  | pseudopods. [Jiyva's grace]
 14083 | Lair:4   | Gained mutation: You possess an exceptional clarity of
                  | mind. [Jiyva's grace]
 14083 | Lair:4   | Gained mutation: You expend magic power (3 MP) to
                  | strengthen your wands. [Jiyva's grace]
 14083 | Lair:4   | Gained mutation: Your skin changes colour to match your
                  | surroundings (Stealth+). [Jiyva's grace]
 14083 | Lair:4   | Gained mutation: Your skin blends seamlessly with your
                  | surroundings (Stealth++). [Jiyva's grace]
 14591 | Lair:4   | Reached skill level 10 in Fighting
 14607 | Lair:4   | Acquired 1062 gold pieces
 14758 | D:8      | Bought a scroll of acquirement for 728 gold pieces
 14758 | D:8      | Bought a scroll of poison for 56 gold pieces
 14760 | D:8      | Acquired 529 gold pieces
 15381 | Lair:5   | Entered Level 5 of the Lair of Beasts
 15418 | Lair:5   | Upgraded the game from 0.29.1-14-g9c671dbff4 to
                  | 0.29.1-15-g9cfb28693d
 15778 | Lair:5   | Reached XP level 14. HP: 108/132 MP: 27/27
 15822 | Lair:5   | Reached skill level 10 in Invocations
 15966 | Lair:5   | Lost mutation: You expend magic power (3 MP) to strengthen
                  | your wands. [potion of mutation]
 15966 | Lair:5   | Lost mutation: Armour fits poorly on your large pseudopods.
                  | [potion of mutation]
 15966 | Lair:5   | Lost mutation: You are mostly covered in iridescent scales.
                  | (AC +4) [potion of mutation]
 15966 | Lair:5   | Gained mutation: You are extremely robust. (+30% HP)
                  | [potion of mutation]
 16000 | Lair:5   | Slain by a death yak

Illustrated notes

Levels and vault maps discovered:
D:1:      tarquinn_simple_flora_water_e, layout_basic,
          nicolae_ecumenical_snake_handling, hangedman_decor_diamond_cutter
D:2:      layout_rooms, basic_altar, hangedman_decor_lopped, minmay_lizard_king
D:3:      layout_basic, kennysheep_generic_room_8
D:4:      layout_cave_pods, uniq_pikel, uniq_eustachio
D:5:      layout_gridville, serial_shops, nicolae_shop_statue_plus,
          serial_undead, serial_undead_b, serial_undead_c, serial_undead_c,
          serial_undead_e, serial_undead_a, serial_undead_f, serial_undead_f,
          minmay_pentangle
D:6:      layout_cave_pods, mainiacjoe_overflow_paths, kennysheep_slug_shrine,
          minmay_temple_entry_hall, st_stairs_9, roderic_lattice_a
D:7:      layout_basic, chequers_temple_overflow_minitemple,
          mainiacjoe_overflow_surrounded_room
D:8:      layout_basic, serial_shops,
          nicolae_shop_temple_entry_statues_fountains
D:9:      layout_layer_cave, kennysheep_mini_moat, minmay_misc_feat_doors,
          minmay_tree_intersection
D:10:     layout_long_grid, enter_bailey_8, uniq_urug
D:11:     layout_basic, due_lair_maze_entry_diamond,
          minmay_orc_entry_temple_small, kennysheep_nondescript
Lair:1:   layout_layer_cave, infiniplex_staircase_pool_2, uniq_amaemon
Lair:2:   layout_misc_corridors, special_room [special_room_bee],
          uniq_prince_ribbit2, uniq_maggie
Lair:3:   layout_cave_pods, elwin_shoals_entry_stream,
          minmay_snake_entry_guardpost_medium, gammafunk_ghost_cemetery,
          grunt_megastairs_2, serial_bayou_shore_a
Lair:4:   layout_regular_city, nicolae_quartered_pool_little, lemuel_fruit_tree
Lair:5:   grunt_lair_end_beastmaster, layout_gridlike, slime_entry_1,
          nicolae_lair_lil_pond, grunt_megastairs_1

Skill      XL: |  1  2  3  4  5  6  7  8  9 10 11 12 13 14 |
---------------+-------------------------------------------+-----
Invocations    | 1 2 3 4 5 6 7 8 9 10 | 10.1
Short Blades   | 1 2 3 5 6 7 8 9 |  9.2
Axes           | 1 2 3 5 6 7 8 9 |  9.2
Maces & Flails | 1 2 3 5 6 7 8 9 |  9.2
Staves         | 1 2 3 5 6 7 8 9 |  9.2
Ranged Weapons | 1 2 3 5 6 7 8 9 |  9.2
Throwing       | 1 2 3 5 6 7 8 9 |  9.2
Armour         | 1 2 3 5 6 7 8 9 |  9.2
Dodging        | 1 2 3 5 6 7 8 9 |  9.2
Stealth        | 1 2 3 5 6 7 8 9 |  9.2
Unarmed Combat | 1 2 3 5 6 7 8 9 |  9.2
Spellcasting   | 1 2 3 5 6 7 8 9 |  9.2
Evocations     | 1 2 3 5 6 7 8 9 |  9.2
Conjurations   | 1 2 3 4 5 6 7 |  7.7
Hexes          | 1 2 3 4 5 6 7 |  7.7
Summonings     | 1 2 3 4 5 6 7 |  7.7
Necromancy     | 1 2 3 4 5 6 7 |  7.7
Translocations | 1 2 3 4 5 6 7 |  7.7
Transmutations | 1 2 3 4 5 6 7 |  7.7
Fire Magic     | 1 2 3 4 5 6 7 |  7.7
Ice Magic      | 1 2 3 4 5 6 7 |  7.7
Air Magic      | 1 2 3 4 5 6 7 |  7.7
Earth Magic    | 1 2 3 4 5 6 7 |  7.7
Poison Magic   | 1 2 3 4 5 6 7 |  7.7
Long Blades    | 3 4 5 6 7 8 9 |  9.6
Fighting       | 5 6 7 8 9 10 | 10.3
Polearms       | 9 10 11 12 | 12.4
Shields        | 7 8 9 10 11 | 11.3

Action                   |  1- 3 |  4- 6 |  7- 9 | 10-12 | 13-15 || total
-------------------------+-------+-------+-------+-------+-------++-------
Melee: Spear             |    79 |   222 |   511 |  1257 |   756 ||  2825
       Bite              |       |    12 |    61 |   203 |   155 ||   431
       Pseudopods        |       |       |    28 |   182 |   228 ||   438
Throw: Dart              |       |       |     4 |     7 |     3 ||    14
Invok: Oozemancy         |       |       |       |     1 |     1 ||     2
Evoke: Wand              |       |       |       |     1 |       ||     1
  Use: Scroll            |       |       |     2 |     4 |     4 ||    10
       Potion            |       |       |       |     5 |     9 ||    14
 Stab: Sleeping          |     2 |     1 |     3 |    13 |     6 ||    25
       Distracted        |       |     1 |       |     3 |     2 ||     6
       Petrified         |       |       |       |       |     5 ||     5
Armor: Leather armour    |     6 |    65 |   121 |   190 |   125 ||   507
       Skin              |       |       |       |       |    24 ||    24
Dodge: Dodged            |    15 |    64 |   167 |   451 |   294 ||   991
Block: Buckler           |     9 |    27 |    77 |   260 |   169 ||   542
